 Dungeon Crawl Stone Soup version 0.29.0-7-g18a832c13a (webtiles) character file.

Game seed: 12617121184594098542

27 Leibowitz the Trooper (level 3, 0/24 HPs)
             Began as a Kobold Fighter on Aug 30, 2022.
             Engulfed by a cloud of flame (24 damage)
             ... on level 1 of the Dungeon.
             The game lasted 00:01:14 (1493 turns).

Leibowitz the Trooper (Kobold Fighter)              Turns: 1493, Time: 00:01:15

Health: 0/24       AC:  6    Str: 13    XL:     3   Next: 25%
Magic:  3/3        EV: 10    Int:  9    God:
Gold:   53         SH:  5    Dex: 16    Spells: 2/2 levels left

rFire   . . .      SeeInvis .   b - +0 dagger (venom)
rCold   . . .      Faith    .   c - +0 buckler
rNeg    . . .      Spirit   .   j - +0 scale mail
rPois   .          Reflect  .   (no helmet)
rElec   .          Harm     .   (no cloak)
rCorr   .          Rampage  .   (no gloves)
Will    .....                   (no boots)
Stlth   +.........              (no amulet)
HPRegen 0.08/turn               (no ring)
MPRegen 0.08/turn               (no ring)

@: no status effects
A: small, no large weapons, nightstalker 3
a: no special abilities


You were on level 1 of the Dungeon.
You visited 1 branch of the dungeon, and saw 1 of its levels.

You collected 53 gold pieces.

Inventory:

Hand Weapons
 a - a +0 rapier
 b - a +0 dagger of venom (weapon)
Armour
 c - a +0 buckler (worn)
 j - a +0 scale mail (worn)
Scrolls
 e - a scroll of magic mapping {unknown}
 f - a scroll of torment {unknown}
 g - a scroll of identify {unknown}
 h - a scroll of teleportation {unknown}
Potions
 d - a potion of might
 i - a potion of haste {unknown}
 k - a potion of curing {unknown}


   Skills:
 * Level 3.6 Fighting
 * Level 3.2 Short Blades
 + Level 2.5 Armour
 * Level 0.8 Dodging
 * Level 0.8 Stealth
 * Level 2.6 Shields


You had 2 spell levels left.
You didn't know any spells.
Your spell library was empty.

Dungeon Overview and Level Annotations

Branches:
Dungeon (1/15)

Altars:


Innate Abilities, Weirdness & Mutations

You are small and have problems with some larger weapons.
You are completely attuned to the shadows.


Message History

The goblin shouts!
You closely miss the goblin. You barely miss the goblin.
The goblin hits you but does no damage.
You hit the goblin but do no damage.
The goblin is poisoned.
The goblin barely misses you.
You hit the goblin.
You kill the goblin!
Things that are here:
a +0 club; a goblin corpse An endoplasm comes into view.
The endoplasm quivers.
You hit the endoplasm but do no damage. The endoplasm freezes you.
You are frozen.
You hit the endoplasm.
The endoplasm is moderately wounded.
The endoplasm hits you.
You hit the endoplasm.
The endoplasm is almost dead.
The endoplasm freezes you.
You are frozen.
You hit the endoplasm but do no damage.
The endoplasm is almost dead.
The endoplasm freezes you.
You are frozen.
You hit the endoplasm.
You kill the endoplasm!
k - an emerald potion Partly explored, can't reach some places.
Really walk into a travel-excluded area? [Y]es or [N]o only, please.
Really walk into a travel-excluded area? [Y]es or [N]o only, please.
Really walk into a travel-excluded area? [Y]es or [N]o only, please.
Really walk into a travel-excluded area?
Found three items.
Found 17 gold pieces.
You are engulfed in blazing flames.
Ouch! That really hurt!
You die...

#.# #.§.#
#.##.#### #.#
#§§§#
#.##.######
#.#####
####..........
##...§.
§☼§..#########
#..°§..$$.§○§..#
#.§☼§.?$?..☼...#
######...#####.#
#☼§§# #.# #§@§#
#.# #.☼§# #.#
#...#####.#
##........#
##########


There were no monsters in sight!

Vanquished Creatures
  A gnoll (D:1)
  A dart slug (D:1)
  A ball python (D:1)
  3 endoplasms (D:1)
  3 goblins (D:1)
  2 hobgoblins (D:1)
  A frilled lizard (D:1)
  A rat (D:1)
13 creatures vanquished.

Notes
Turn   | Place    | Note
-------+----------+-------------------------------------------
     0 | D:1      | Leibowitz the Kobold Fighter began the quest for the Orb.
     0 | D:1      | Reached XP level 1. HP: 14/14 MP: 1/1
    69 | D:1      | Reached XP level 2. HP: 3/19 MP: 2/2
   499 | D:1      | Found a faded altar of an unknown god.
   946 | D:1      | Reached XP level 3. HP: 23/23 MP: 3/3
  1493 | D:1      | Engulfed by a cloud of flame

Illustrated notes

Levels and vault maps discovered:
D:1:      matt_arrival_refuge, layout_loops_ring,
          dreamdust_ecumenical_altar_angels_and_demons, lemuel_flame_loot_1

Skill      XL: |  1  2 |
---------------+-------+-----
Short Blades   | 3 |  3.2
Fighting       | |  3.6
Armour         | |  2.5
Dodging        | |  0.8
Stealth        | |  0.8
Shields        | |  2.6

Action                   || total
-------------------------++-------
Melee: Rapier            ||    42
       Dagger            ||     9
 Stab: Sleeping          ||     1
Armor: Scale mail        ||     9
Dodge: Dodged            ||    14
Block: Buckler           ||     7
